 Dungeon Crawl Stone Soup version 0.17-a0-288-gaf424a4 (webtiles) character file.

79 Fluffy the Cudgeler (level 4, -1/28 HPs)
             Began as a Gargoyle Fighter on Mar 30, 2015.
             Slain by Sigmund
             ... wielding a +0 scythe
              (11 damage)
             ... on level 2 of the Dungeon.
             The game lasted 00:01:52 (1035 turns).

Fluffy the Cudgeler (Gargoyle Fighter)              Turns: 1035, Time: 00:01:52

Health: -1/28      AC: 10    Str: 19    XL:     4   Next: 38%
Magic:  3/3        EV:  7    Int:  9    God:
Gold:   49         SH:  9    Dex: 10    Spells: 0 memorised, 3 levels left

rFire  . . .     SeeInvis .     a - +0 flail
rCold  . . .     Clarity  .     b - +0 scale mail
rNeg   + . .     SustAb   .     c - +0 shield
rPois  ∞         Gourm    .     (no helmet)
rElec  +         Spirit   .     (no cloak)
rCorr  .         Warding  .     (no gloves)
rMut   .         Stasis   .     (no boots)
MR     .....                    (no amulet)
Stlth  ..........               (no ring)
                                (no ring)

@: not resistant to hostile enchantments, extremely unstealthy
A: negative energy resistance 1, electricity resistance, unbreathing,
petrification resistance, rot immunity, AC +3
a: no special abilities


You were on level 2 of the Dungeon.
You were hungry.

You visited 1 branch of the dungeon, and saw 2 of its levels.

You collected 49 gold pieces.

Inventory:

Hand weapons
 a - a +0 flail (weapon)
Armour
 b - a +0 scale mail (worn)
 c - a +0 shield (worn)
Magical devices
 k - a wand of teleportation (7)
Scrolls
 f - 6 scrolls of remove curse
 h - a scroll of amnesia {unknown}
 j - a scroll of teleportation {unknown}
 l - 2 scrolls of identify {unknown}
 n - a scroll of immolation {unknown}
Potions
 e - 2 potions of might
 i - a potion of beneficial mutation {unknown}
 m - a potion of poison {unknown}
Comestibles
 d - a bread ration
 g - a slice of pizza


   Skills:
 - Level 3.2 Fighting
 + Level 4.4 Maces & Flails
 - Level 3.2 Armour
 - Level 3.2 Shields


You had 3 spell levels left.
You didn't know any spells.

Dungeon Overview and Level Annotations

Branches:
Dungeon (2/15)

Altars:

Annotations:
D:2 Sigmund


Innate Abilities, Weirdness & Mutations

You are resistant to torment.
You are immune to poison.
Your stone body is very resilient (AC +3).
You resist negative energy.
You are resistant to electric shocks.
You can survive without breathing.
You are immune to petrification.
You are immune to rotting.


Message History

Sigmund points at you and mumbles some strange words.
You are confused.
Sigmund casts a spell at you. The magic dart hits you!
You closely miss Sigmund.
Sigmund is lightly wounded.
Sigmund gestures wildly while chanting.
Sigmund flickers and vanishes!
Deactivating autopickup; reactivate with Ctrl-A.
You bump into the rock wall.
Something hits you but does no damage.
You completely miss something.
Your shield prevents you from hitting something.
Something hits you.
You bump into the rock wall.
Something hits you but does no damage. Something hits you.
You bump into the rock wall.
You feel less confused. Something hits you.
You sock something! Something hits you!
You die...

#.#.###### #.#......
#.#.#....# #†#......
#.#.#.##.#.#.#......
#.#.#.##.#.#.#......
#.#.#.##.#.#.#....).
#.#.#.##.#.#.#......
#.#.#.##.#..........
#.#{#.##.#.#.#......
#.#@#.##.#.#........
#.#.#.##.#.#########
#.#.#.##.#>((.......
#.#.#.....(#########
#.#.#..#†#.###
#.#......#...#
##.#)..#.####.#
#...)[.#......#
####.#.########


There were no monsters in sight!

Vanquished Creatures
  Jessica (D:2)
  2 adders (D:2)
  A worm (D:2)
  A giant gecko (D:1)
  A giant cockroach (D:1)
  5 goblins
  6 hobgoblins
  A quokka (D:2)
  A giant newt (D:2)
  2 kobolds
  7 rats
28 creatures vanquished.

Notes
Turn   | Place    | Note
--------------------------------------------------------------
     0 | D:1      | Fluffy, the Gargoyle Fighter, began the quest for the Orb.
     0 | D:1      | Reached XP level 1. HP: 14/14 MP: 0/0
    91 | D:1      | Reached XP level 2. HP: 16/19 MP: 1/1
   791 | D:2      | Noticed Jessica
   801 | D:2      | Killed Jessica
   801 | D:2      | Reached XP level 3. HP: 23/23 MP: 2/2
   846 | D:2      | Reached skill level 4 in Maces & Flails
   915 | D:2      | Reached XP level 4. HP: 19/28 MP: 3/3
  1020 | D:2      | Noticed Sigmund
  1035 | D:2      | Slain by Sigmund

Action                   |  1- 3 |  4- 6 || total
-------------------------+-------+-------++-------
Melee: Flail             |    84 |    18 ||   102
  Use: Scroll            |       |     1 ||     1
